[ AOE2 MATCH · #463515384 ]
1v1 RMDravidians vs Mongols
Player's team · LOSS
Rival team · WIN
[ REPLAY ANALYSIS · EXTRACTED FROM THE RECORDED GAME ]
Feudal
—
Castle
—
Imperial
—
| APM avg | 23.1 |
| APM peak | 60 |
| eAPM avg | 12.5 |
| Villagers / military | 74 / 36 |
Focus
⚔️ 16.7% · 🌾 83.3%
Elephant Archer ×17 · Archer ×7 · Spearman ×7 · Armored Elephant ×4 · Monk ×1
Feudal
10:33
Castle
17:50
Imperial
33:45
| APM avg | 30.5 |
| APM peak | 53 |
| eAPM avg | 19.3 |
| Villagers / military | 126 / 34 |
Focus
⚔️ 24.6% · 🌾 75.4%
Mangudai ×15 · Spearman ×7 · Skirmisher ×4 · Monk ×3 · Scorpion ×3 · Battering Ram ×2
Match map
Resources at game start + every placement click. Thick line = wall · dashed box = detected house wall. 🟡 gold · ⚪ stone · 🟢 berries · 🔶 boar · ⭕ relic
Inputs per minute
— sasknight013 - - Jalapeño Horsey
Build order — sasknight013
148 actions detected in the replay
| 0:00 | Create | Villager (Male) |
| 0:01 | Create | Villager (Male) |
| 0:01 | Create | Villager (Male) |
| 0:02 | Build | House |
| 0:03 | Build | House |
| 0:20 | Create | Villager (Male) |
| 0:21 | Research | Loom |
| 1:59 | Build | Lumber Camp |
| 2:04 | Create | Villager (Male) |
| 2:04 | Create | Villager (Male) |
| 2:35 | Create | Villager (Male) |
| 3:09 | Create | Villager (Male) |
| 3:09 | Create | Villager (Male) |
| 3:35 | Create | Villager (Male) |
| 3:52 | Build | House |
| 4:07 | Create | Villager (Male) |
| 4:24 | Build | Mill |
| 4:37 | Create | Villager (Male) |
| 5:16 | Create | Villager (Male) |
| 5:41 | Create | Villager (Male) |
| 5:49 | Create | Villager (Male) |
| 6:00 | Create | Villager (Male) |
| 6:42 | Build | House |
| 6:50 | Create | Villager (Male) |
| 6:50 | Create | Villager (Male) |
| 7:42 | Create | Villager (Male) |
| 8:24 | Research | Feudal Age |
| 8:48 | Build | Mining Camp |
| 8:58 | Build | Barracks |
| 9:14 | Build | Palisade Wall |
| 9:16 | Build | Palisade Wall |
| 9:23 | Build | Palisade Wall |
| 9:27 | Build | House |
| 9:40 | Build | Mill |
| 10:10 | Build | House |
| 10:43 | Build | Archery Range |
| 10:55 | Create | Villager (Male) |
| 10:56 | Create | Villager (Male) |
| 11:14 | Build | Blacksmith |
| 11:17 | Build | House |
| 11:24 | Build | Palisade Wall |
| 11:34 | Create | Villager (Male) |
| 11:38 | Build | Farm |
| 11:38 | Build | Farm |
| 11:39 | Build | Farm |
| 11:45 | Create | Archer ×2 |
| 11:54 | Research | Double-Bit Axe |
| 12:07 | Create | Villager (Male) |
| 12:24 | Build | Lumber Camp |
| 12:29 | Create | Archer |
| 12:35 | Create | Villager (Male) |
| 12:45 | Build | Farm |
| 12:51 | Create | Spearman |
| 13:06 | Create | Villager (Male) |
| 13:07 | Create | Villager (Male) |
| 13:15 | Build | Farm |
| 13:15 | Build | Farm |
| 13:27 | Create | Archer |
| 13:33 | Build | Farm |
| 13:50 | Create | Spearman |
| 13:52 | Create | Archer |
| 13:56 | Create | Villager (Male) |
| 14:32 | Research | Wheelbarrow |
| 14:36 | Research | Horse Collar |
| 14:39 | Create | Villager (Male) |
| 14:45 | Build | Mining Camp |
| 15:39 | Research | Fletching |
| 15:40 | Research | Padded Archer Armor |
| 16:11 | Create | Villager (Male) |
| 16:17 | Build | Farm |
| 16:18 | Build | Farm |
| 16:18 | Build | Farm |
| 16:19 | Build | Farm |
| 16:23 | Create | Archer |
| 16:31 | Build | House |
| 16:32 | Build | House |
| 16:39 | Create | Villager (Male) |
| 17:33 | Create | Villager (Male) |
| 17:33 | Create | Villager (Male) |
| 17:37 | Create | Archer |
| 18:06 | Create | Villager (Male) |
| 18:16 | Build | Farm |
| 18:17 | Build | Farm |
| 18:17 | Build | Farm |
| 19:03 | Build | Market |
| 19:11 | Research | Castle Age |
| 19:40 | Research | Gold Mining |
| 19:57 | Build | Farm |
| 19:57 | Build | Farm |
| 19:57 | Build | Farm |
| 19:57 | Build | Farm |
| 19:59 | Build | Farm |
| 20:44 | Research | Town Watch |
| 21:39 | Create | Villager (Male) |
| 21:55 | Build | Town Center |
| 22:08 | Create | Elephant Archer ×3 |
| 22:15 | Create | Villager (Male) |
| 22:56 | Research | Bodkin Arrow |
| 23:06 | Research | Thumb Ring |
| 23:08 | Create | Villager (Male) ×5 |
| 23:37 | Build | Town Center |
| 23:51 | Research | Pikeman (upgrade) |
| 23:52 | Research | Squires |
| 23:53 | Research | Arson |
| 23:54 | Create | Spearman ×5 |
| 24:01 | Create | Elephant Archer |
| 24:11 | Build | Farm |
| 24:11 | Build | Farm |
| 24:37 | Build | University |
| 24:41 | Build | House |
| 25:07 | Create | Villager (Male) ×5 |
| 25:26 | Build | Monastery |
| 25:32 | Create | Villager (Male) ×5 |
| 25:36 | Create | Elephant Archer |
| 25:36 | Create | Elephant Archer |
| 26:19 | Create | Monk |
| 26:26 | Build | House |
| 26:27 | Build | House |
| 26:28 | Build | House |
| 26:29 | Build | House |
| 26:36 | Research | Hand Cart |
| 27:12 | Create | Villager (Male) ×5 |
| 27:39 | Build | Siege Workshop |
| 27:44 | Create | Villager (Male) ×5 |
| 29:04 | Create | Armored Elephant |
| 29:04 | Create | Armored Elephant |
| 29:04 | Create | Armored Elephant |
| 29:07 | Create | Elephant Archer ×5 |
| 29:17 | Create | Villager (Male) ×5 |
| 29:55 | Create | Villager (Male) ×5 |
| 30:06 | Build | Farm |
| 30:07 | Build | Farm |
| 30:07 | Build | Farm |
| 30:08 | Build | Farm |
| 30:11 | Research | Stone Mining |
| 30:16 | Create | Villager (Male) ×4 |
| 30:32 | Create | Armored Elephant |
| 30:39 | Build | House |
| 30:40 | Build | House |
| 30:44 | Build | House |
| 30:45 | Build | House |
| 30:53 | Research | Leather Archer Armor |
| 31:06 | Research | Ballistics |
| 31:11 | Research | Masonry |
| 31:19 | Research | Bow Saw |
| 31:49 | Create | Elephant Archer |
| 32:14 | Research | Devotion |
| 33:24 | Create | Elephant Archer ×5 |
Build order — Jalapeño Horsey
First 150 of 309 actions detected
| 0:04 | Create | Villager (Male) |
| 0:05 | Build | House |
| 0:07 | Build | House |
| 0:08 | Create | Villager (Male) |
| 0:13 | Create | Villager (Male) |
| 0:21 | Create | Villager (Male) |
| 1:20 | Build | Lumber Camp |
| 1:36 | Create | Villager (Male) |
| 2:25 | Create | Villager (Male) |
| 2:27 | Create | Villager (Male) |
| 2:47 | Create | Villager (Male) |
| 3:03 | Create | Villager (Male) |
| 3:06 | Create | Villager (Male) |
| 3:20 | Create | Villager (Male) |
| 3:52 | Build | House |
| 3:55 | Create | Villager (Male) |
| 4:12 | Create | Villager (Male) |
| 4:20 | Create | Villager (Male) |
| 4:22 | Build | Mill |
| 5:40 | Create | Villager (Male) |
| 5:49 | Build | House |
| 5:52 | Build | Palisade Wall |
| 6:35 | Build | House |
| 6:40 | Create | Villager (Male) |
| 6:41 | Create | Villager (Male) |
| 6:56 | Build | Mill |
| 7:02 | Build | Palisade Wall |
| 7:14 | Build | Palisade Wall |
| 7:15 | Create | Villager (Male) |
| 7:29 | Build | Palisade Wall |
| 7:47 | Research | Feudal Age |
| 7:58 | Research | Loom |
| 8:12 | Research | Feudal Age |
| 8:43 | Build | Palisade Wall |
| 8:44 | Build | Palisade Wall |
| 8:45 | Build | Palisade Wall |
| 8:46 | Create | Villager (Male) |
| 9:09 | Build | Palisade Wall |
| 9:13 | Build | Palisade Wall |
| 9:18 | Build | Palisade Wall |
| 9:19 | Build | House |
| 9:42 | Build | Palisade Wall |
| 10:27 | Build | Mining Camp |
| 10:33 | Age | Feudal Age |
| 10:34 | Build | Farm |
| 10:40 | Research | Horse Collar |
| 10:45 | Create | Villager (Male) |
| 10:54 | Research | Double-Bit Axe |
| 10:54 | Research | Double-Bit Axe |
| 11:15 | Create | Villager (Male) |
| 11:24 | Build | Farm |
| 11:25 | Create | Villager (Male) |
| 11:40 | Create | Villager (Male) |
| 12:04 | Build | Barracks |
| 12:08 | Create | Villager (Male) |
| 12:38 | Build | Farm |
| 12:41 | Build | Farm |
| 12:43 | Create | Villager (Male) |
| 12:52 | Build | Farm |
| 13:27 | Create | Villager (Male) |
| 13:31 | Build | Archery Range |
| 13:47 | Create | Villager (Male) |
| 13:53 | Build | Farm |
| 13:55 | Build | Farm |
| 14:16 | Create | Villager (Male) |
| 14:27 | Build | Blacksmith |
| 14:28 | Create | Villager (Male) |
| 14:38 | Build | Mining Camp |
| 15:00 | Build | Farm |
| 15:10 | Research | Castle Age |
| 15:10 | Research | Castle Age |
| 15:15 | Create | Skirmisher |
| 15:22 | Build | Farm |
| 15:34 | Build | Building 490 |
| 15:44 | Create | Skirmisher |
| 15:46 | Create | Skirmisher |
| 16:04 | Build | House |
| 16:09 | Build | Farm |
| 16:13 | Create | Villager (Male) |
| 16:37 | Research | Padded Archer Armor |
| 16:59 | Create | Villager (Male) |
| 17:08 | Build | Market |
| 17:18 | Build | Building 673 |
| 17:29 | Create | Skirmisher |
| 17:37 | Research | Gold Mining |
| 17:50 | Age | Castle Age |
| 18:04 | Create | Villager (Male) |
| 18:22 | Build | Town Center |
| 18:30 | Build | House |
| 18:31 | Build | House |
| 18:41 | Research | Fletching |
| 18:47 | Build | House |
| 18:56 | Create | Villager (Male) |
| 19:14 | Build | Town Center |
| 19:19 | Create | Villager (Male) |
| 19:41 | Create | Villager (Male) |
| 19:46 | Research | Wheelbarrow |
| 20:14 | Create | Villager (Male) |
| 20:16 | Create | Villager (Male) |
| 20:23 | Build | Farm |
| 20:31 | Build | Farm |
| 20:34 | Build | Farm |
| 20:34 | Create | Villager (Male) |
| 20:40 | Research | Heavy Plow |
| 20:48 | Build | Farm |
| 20:53 | Create | Villager (Male) |
| 20:59 | Build | Farm |
| 21:32 | Create | Villager (Male) |
| 21:32 | Create | Villager (Male) |
| 21:33 | Create | Villager (Male) |
| 21:36 | Build | Farm |
| 21:38 | Build | Farm |
| 21:39 | Create | Villager (Male) |
| 21:42 | Build | Farm |
| 21:45 | Build | Farm |
| 21:46 | Create | Villager (Male) |
| 21:46 | Create | Villager (Male) |
| 21:48 | Build | Farm |
| 22:00 | Research | Bow Saw |
| 22:00 | Research | Bow Saw |
| 22:00 | Research | Bow Saw |
| 22:06 | Build | Farm |
| 22:38 | Build | Siege Workshop |
| 22:38 | Create | Villager (Male) |
| 22:39 | Create | Villager (Male) |
| 22:42 | Create | Villager (Male) |
| 22:42 | Create | Villager (Male) |
| 22:49 | Build | House |
| 22:52 | Build | House |
| 22:54 | Create | Villager (Male) |
| 22:56 | Build | Farm |
| 22:59 | Create | Villager (Male) |
| 23:03 | Create | Villager (Male) |
| 23:13 | Create | Villager (Male) |
| 23:18 | Create | Scorpion |
| 23:23 | Create | Villager (Male) |
| 23:37 | Create | Villager (Male) |
| 23:43 | Create | Villager (Male) |
| 23:47 | Create | Villager (Male) |
| 23:47 | Create | Villager (Male) |
| 23:52 | Build | Mill |
| 23:53 | Build | Farm |
| 23:53 | Build | Farm |
| 23:53 | Build | Farm |
| 23:53 | Build | Farm |
| 23:58 | Build | Farm |
| 23:59 | Create | Villager (Male) |
| 24:06 | Create | Villager (Male) |
| 24:18 | Build | Castle |
| 24:18 | Create | Villager (Male) |
Match timeline
| 5:52 | Jalapeño Horsey · wall_segment Palisade Wall x6 |
| 7:02 | Jalapeño Horsey · wall_segment Palisade Wall x1 |
| 7:14 | Jalapeño Horsey · wall_segment Palisade Wall x11 |
| 7:29 | Jalapeño Horsey · wall_segment Palisade Wall x6 |
| 8:43 | Jalapeño Horsey · wall_segment Palisade Wall x1 |
| 8:44 | Jalapeño Horsey · wall_segment Palisade Wall x1 |
| 8:45 | Jalapeño Horsey · wall_segment Palisade Wall x1 |
| 8:58 | sasknight013 · first_building Barracks |
| 9:09 | Jalapeño Horsey · wall_segment Palisade Wall x5 |
| 9:13 | Jalapeño Horsey · wall_segment Palisade Wall x4 |
| 9:14 | sasknight013 · wall_segment Palisade Wall x4 |
| 9:16 | sasknight013 · wall_segment Palisade Wall x4 |
| 9:18 | Jalapeño Horsey · wall_segment Palisade Wall x1 |
| 9:23 | sasknight013 · wall_segment Palisade Wall x1 |
| 9:42 | Jalapeño Horsey · wall_segment Palisade Wall x7 |
| 10:33 | Jalapeño Horsey · age_up feudal |
| 10:43 | sasknight013 · first_building Archery Range |
| 11:24 | sasknight013 · wall_segment Palisade Wall x5 |
| 12:04 | Jalapeño Horsey · first_building Barracks |
| 13:31 | Jalapeño Horsey · first_building Archery Range |
| 17:50 | Jalapeño Horsey · age_up castle |
| 18:17 | Jalapeño Horsey · first_market_buy 100 wood |
| 19:05 | Jalapeño Horsey · first_market_sell 100 stone |
| 22:38 | Jalapeño Horsey · first_building Siege Workshop |
| 24:18 | Jalapeño Horsey · first_building Castle |
| 25:26 | sasknight013 · first_building Monastery |
| 27:23 | Jalapeño Horsey · first_building Monastery |
| 27:39 | sasknight013 · first_building Siege Workshop |
| 27:51 | Jalapeño Horsey · wall_segment Palisade Wall x1 |
| 28:49 | Jalapeño Horsey · wall_segment Stone Wall x1 |
| 30:58 | Jalapeño Horsey · wall_segment Stone Wall x15 |
| 31:54 | Jalapeño Horsey · wall_segment Stone Wall x1 |
| 33:45 | Jalapeño Horsey · age_up imperial |
| 34:04 | sasknight013 · resign |
[ AI ANALYSIS · 1 CREDIT ]
What really happened in this match?
Wolo.gg analyzes every decision: build order, eco, micro, common mistakes by bracket. Personalized analysis on WhatsApp or Discord in 30 seconds.
Civ guide
Dravidians
Map guide
Arabia
Perfil
Jugador #280196